 Dungeon Crawl Stone Soup version 0.19.5 (webtiles) character file.

992 RUZZLEFAZAZZLE the Cleaver (level 8, -2/70 HPs)
             Began as a Hill Orc Fighter on Apr 26, 2017.
             Was an Initiate of Okawaru.
             Killed from afar by toffzen's ghost (15 damage)
             ... with a bolt of negative energy
             ... on level 5 of the Dungeon.
             The game lasted 00:10:14 (3147 turns).

RUZZLEFAZAZZLE the Cleaver (Hill Orc Fighter)       Turns: 3147, Time: 00:10:14

Health: -2/70      AC: 13    Str: 24    XL:     8   Next: 18%
Magic:  8/8        EV:  8    Int:  8    God:    Okawaru [......]
Gold:   222        SH: 10    Dex: 12    Spells: 0 memorised, 7 levels left

rFire  . . .     SeeInvis .     a - +0 war axe
rCold  + . .     Gourm    .     g - +0 plate armour
rNeg   . . .     Faith    .     c - +0 shield
rPois  .         Spirit   .     s - +0 helmet
rElec  .         Reflect  .     v - -1 cloak (curse)
rCorr  .         Harm     .     (no gloves)
MR     .....                    (no boots)
Stlth  ..........               D - amulet of magic regeneration
                                C - +4 ring of evasion
                                A - ring of protection from cold

@: mighty, heavily drained
A: no striking features
a: Renounce Religion


You were on level 5 of the Dungeon.
You worshipped Okawaru.
Okawaru was noncommittal.
You were not hungry.

You visited 1 branch of the dungeon, and saw 5 of its levels.

You collected 222 gold pieces.

Inventory:

Hand Weapons
 a - a +0 war axe (weapon)
Armour
 c - a +0 shield (worn)
 g - a +0 plate armour (worn)
 s - a +0 helmet (worn)
 v - a cursed -1 cloak (worn)
Jewellery
 A - a ring of protection from cold (left hand)
 C - a +4 ring of evasion (right hand)
 D - an amulet of magic regeneration (around neck)
Wands
 i - a wand of teleportation (4/9)
 j - a wand of acid (7/15)
 r - a wand of slowing (38/48)
Scrolls
 h - 4 scrolls of fear
 w - 3 scrolls of remove curse {unknown}
 y - 2 scrolls of identify
Potions
 d - a potion of might
 e - 3 potions of heal wounds
 k - 2 potions of cancellation
 q - a potion of lignification {unknown}
 t - 5 potions of curing {unknown}
 u - 2 potions of agility {unknown}
 z - a potion of degeneration {unknown}
 B - 2 potions of flight {unknown}
Books
 b - a book of Maledictions

   Spells                             Type                      Level
   a - Corona                         Hexes                        1
   b - Ensorcelled Hibernation        Hexes/Ice                    2
   c - Confuse                        Hexes                        3
   d - Tukima's Dance                 Hexes                        3
   e - Dazzling Spray                 Conjuration/Hexes            3
Comestibles
 f - 4 bread rations
 l - 2 chunks of flesh
 m - 2 meat rations
 n - a fruit
 x - a slice of pizza


   Skills:
 + Level 6.0(4.3) Fighting
 + Level 8.0(6.2) Axes
 + Level 5.7(4.0) Armour
 + Level 5.4(3.7) Shields
 + Level 1.1(0.0) Invocations


You had 7 spell levels left.
You didn't know any spells.

Dungeon Overview and Level Annotations

Branches:
Dungeon (5/15)
 Temple: D:4-7

Altars:
Elyvilon
Fedhas
Makhleb
Okawaru
Qazlal
Sif Muna
Zin

Annotations:
D:5 toffzen's ghost, novice DrIE


Message History

You closely miss toffzen's ghost.
Toffzen's ghost is almost destroyed.
You block toffzen's ghost's attack.
Toffzen's ghost points at you and mumbles some strange words.
You are frozen.
* * * LOW HITPOINT WARNING * * *
You closely miss toffzen's ghost.
Toffzen's ghost is almost destroyed.
Toffzen's ghost hits you.
* * * LOW HITPOINT WARNING * * *
Your shield and plate armour prevent you from hitting toffzen's ghost.
Toffzen's ghost is severely damaged.
Toffzen's ghost screams, "They lied to you.
The Dungeon just goes down and down forever."
Toffzen's ghost points at you and mumbles some strange words.
The puff of frost hits you!
You closely miss toffzen's ghost.
Toffzen's ghost is severely damaged.
Toffzen's ghost breathes negative energy at you.
The bolt of negative energy hits you!
You feel drained.
You die...

... ... ... #'# .. ...
#.##.# .###....##
...!..... . '##....W#
.. .......@# .#
........##+##.#
..............#..##
..............#...#
..............#...#
.............##...# .#
.............##...# .#
...##.##.....##.#)##.#
... #.##.....##.#..#.#


You could see toffzen's ghost.

Vanquished Creatures
  Sigmund (D:2)
  An ice beast (D:5)
  A sky beast (D:3)
  An ogre (D:5)
  2 bullfrog skeletons (D:5)
  2 orc priests
  Crazy Yiuf (D:2)
  A jelly (D:5)
  A centaur skeleton (D:4)
  An orc wizard (D:5)
  An iguana (D:5)
  3 worker ants
  A worker ant zombie (D:5)
  Robin (D:2)
  3 gnolls (D:2)
  8 adders
  An ooze (D:3)
  An adder skeleton (D:3)
  A dart slug (D:2)
  4 worms
  5 leopard geckos
  10 orcs
  3 giant cockroaches
  16 goblins
  7 hobgoblins
  11 jackals
  6 kobolds
  4 quokkas
  2 ball pythons
  5 bats
  2 frilled lizards
  4 rats
111 creatures vanquished.

Notes
Turn   | Place    | Note
-------+----------+-------------------------------------------
     0 | D:1      | RUZZLEFAZAZZLE the Hill Orc Fighter began the quest for the Orb.
     0 | D:1      | Reached XP level 1. HP: 19/19 MP: 1/1
    24 | D:1      | Reached skill level 3 in Axes
    31 | D:1      | Reached XP level 2. HP: 24/26 MP: 2/2
   417 | D:1      | Reached XP level 3. HP: 33/33 MP: 3/3
   574 | D:2      | Reached skill level 4 in Axes
   578 | D:2      | Reached XP level 4. HP: 27/40 MP: 4/4
   748 | D:2      | Found a burning altar of Makhleb.
   753 | D:2      | Found a glowing silver altar of Zin.
   753 | D:2      | Noticed Sigmund
   754 | D:2      | Noticed an angel
   754 | D:2      | Noticed a blizzard demon
   763 | D:2      | Killed Sigmund
   763 | D:2      | Reached skill level 5 in Axes
   763 | D:2      | Reached XP level 5. HP: 30/47 MP: 5/5
   775 | D:2      | Noticed Robin
   776 | D:2      | Reached XP level 6. HP: 34/53 MP: 6/6
   941 | D:2      | Killed Robin
   941 | D:2      | Reached skill level 5 in Fighting
  1122 | D:2      | Found a runed door.
  1126 | D:2      | Noticed Crazy Yiuf
  1132 | D:2      | Killed Crazy Yiuf
  1260 | D:2      | Found a blossoming altar of Fedhas.
  1589 | D:3      | Reached skill level 6 in Axes
  1680 | D:3      | Noticed a sky beast
  1699 | D:3      | Killed a sky beast
  1699 | D:3      | Reached XP level 7. HP: 28/61 MP: 7/7
  1944 | D:3      | Reached skill level 5 in Armour
  2000 | D:3      | Found a white marble altar of Elyvilon.
  2650 | D:4      | Found a deep blue altar of Sif Muna.
  2717 | D:5      | Entered Level 5 of the Dungeon
  2727 | D:5      | Reached skill level 7 in Axes
  2781 | D:5      | Reached skill level 5 in Shields
  2862 | D:5      | Reached XP level 8. HP: 65/70 MP: 8/8
  2867 | D:5      | Found an iron altar of Okawaru.
  2879 | D:5      | Became a worshipper of Warmaster Okawaru
  2948 | D:5      | Reached skill level 1 in Invocations
  3009 | D:5      | Reached skill level 8 in Axes
  3046 | D:5      | Found a stormy altar of Qazlal.
  3129 | D:5      | Noticed toffzen's ghost (novice DrIE)
  3147 | D:5      | Killed from afar by toffzen's ghost

Skill      XL: |  1  2  3  4  5  6  7  8 |
---------------+-------------------------+-----
Axes           | 3 4 5 6 7 8 |  8.0
Fighting       | 4 5 6 |  6.0
Armour         | 4 5 |  5.7
Shields        | 4 5 |  5.4
Invocations    | 1 |  1.1

Action                   |  1- 3 |  4- 6 |  7- 9 || total
-------------------------+-------+-------+-------++-------
Melee: War axe           |    50 |   167 |   122 ||   339
  Use: Scroll            |       |     4 |     5 ||     9
       Potion            |       |       |     2 ||     2
  Eat: Chunk             |       |     3 |     4 ||     7
       Fruit             |       |       |     1 ||     1
Armor: Scale mail        |    29 |    70 |    24 ||   123
       Plate armour      |       |       |    36 ||    36
Dodge: Dodged            |    23 |    45 |    44 ||   112
Block: Shield            |    30 |    84 |    68 ||   182
